Map: Central Protocol

Players

Arthas - Winner!

  • Race: Zerg Zerg
  • League: Platinum

SimpleMath

  • Race: Zerg Zerg
  • League: Gold

VOD

Have the link to the VOD?

Description

Time

  • Played on: March 5, 2016, 11:32 p.m.
  • Length: 16:00
Show
View Real Time Build Order
Export as new Build Order

Arthas Zerg - Winner!

Build Orders: Pool First, Lurkers 

Get SALT Encoding   

  12  0:01  Drone  
  13  0:09  Drone  
  14  0:19  Extractor, Drone  
  14  0:33  Spawning Pool  
  13  0:36  Drone  
  14  0:44  Extractor, Drone  
  15  0:52  Overlord  
  15  1:11  Drone x2  
  17  1:20  Metabolic Boost  
  17  1:21  Zergling x2  
  17  1:25  Zergling x2  
  19  1:31  Queen  
  21  1:36  Zergling x2  
  22  1:44  Baneling Nest  
  21  1:49  Overlord  
  21  1:56  Zergling x2  
  22  2:11  Zergling x2  
  23  2:29  Drone x2  
  25  2:43  Baneling x2  
  25  2:46  Drone x3  
  25  2:50  Overlord  
  28  2:57  Hatchery  
  25  3:11  Zergling x2  
  25  3:12  Zergling x2  
  25  3:16  Extractor, Drone x3  
  26  3:27  Queen  
  28  3:44  Roach Warren  
  28  3:45  Drone x3  
  28  3:46  Drone x2  
  32  3:52  Baneling  
  32  3:53  Baneling x3  
  32  4:05  Overlord  
  32  4:06  Drone  
  31  4:21  Queen  
  31  4:23  Drone x4  
  37  4:31  Zergling x2, Spine Crawler  
  38  4:37  Drone  
  38  4:43  Drone x3  
  41  4:48  Drone  
  41  4:52  Drone x2  
  44  5:03  Drone x4  
  44  5:04  Extractor  
  47  5:07  Extractor  
  47  5:10  Evolution Chamber  
  47  5:11  Evolution Chamber  
  47  5:12  Lair  
  44  5:25  Drone x2  
  46  5:28  Drone x2  
  48  5:37  Zerg Missile Weapons Level 1, Zerg Ground Armor Level 1  
  48  5:40  Drone x3  
  51  5:44  Drone  
  51  5:47  Overlord x2  
  52  6:12  Zergling x6  
  52  6:15  Glial Reconstitution  
  52  6:16  Overlord, Hatchery  
  52  6:17  Roach  
  52  6:18  Roach x2  
  60  6:33  Overlord  
  60  6:34  Overlord  
  60  6:37  Drone x5  
  63  7:09  Overlord  
  63  7:10  Roach x9  
  81  7:15  Extractor  
  81  7:20  Extractor  
  79  7:30  Overlord  
  79  7:33  Zerg Ground Armor Level 2, Zerg Missile Weapons Level 2  
  79  7:35  Roach x5  
  79  7:36  Hydralisk Den  
  87  7:45  Roach x4  
  95  7:55  Drone x5  
  100  8:04  Ravager x3  
  103  8:06  Ravager x2  
  105  8:14  Muscular Augments  
  101  8:37  Roach  
  101  8:38  Roach x5  
  101  8:39  Overlord x3  
  104  8:49  Roach x3  
  104  8:50  Roach x2  
  112  9:09  Roach x8  
  115  9:21  Roach x4  
  115  9:22  Roach x2  
  120  9:31  Ravager x2  
  120  9:37  Queen  
  123  9:44  Roach x6  
  131  9:53  Overlord x2  
  131  9:54  Overlord  
  131  9:56  Hydralisk x3  
  135  10:18  Drone x8  
  143  10:25  Ravager  
  143  10:28  Ravager  
  145  10:30  Ravager  
  145  10:31  Ravager  
  147  10:37  Hydralisk  
  147  10:38  Hydralisk x5  
  159  11:02  Hatchery  
  119  11:18  Roach  
  119  11:19  Roach x10  
  131  11:30  Infestation Pit  
  124  11:36  Roach  
  124  11:37  Roach x4  
  124  11:46  Overlord x2  
  119  11:59  Lurker Den  
  119  12:01  Hydralisk x10  
  139  12:16  Roach x5  
  139  12:18  Hive  
  139  12:22  Drone x2  
  151  12:29  Burrow  
  137  12:54  Hydralisk x5  
  137  12:55  Roach x7, Hydralisk  
  151  13:35  Queen  
  151  13:37  Hydralisk x13  
  151  13:38  Hydralisk x2  
  151  13:39  Spore Crawler  
  151  13:40  Spore Crawler  
  177  13:54  Extractor x2  
  166  14:26  Lurker  
  166  14:27  Lurker x4  
  169  14:33  Overseer x2  
  169  14:40  Viper x4  
  181  14:50  Spore Crawler x2  
  171  15:05  Spore Crawler  
  165  15:13  Spore Crawler  
  162  15:15  Spore Crawler  
  162  15:18  Spore Crawler  
  155  15:26  Spore Crawler x2  
Show
View Real Time Build Order
Export as new Build Order

SimpleMath Zerg 

Build Orders: Hatch First 

Get SALT Encoding   

  12  0:01  Drone  
  13  0:10  Drone  
  14  0:18  Overlord  
  14  0:36  Drone x2  
  14  0:37  Drone  
  17  0:55  Hatchery  
  17  0:57  Drone  
  17  1:00  Drone  
  18  1:13  Spawning Pool  
  18  1:17  Drone  
  18  1:22  Drone  
  18  1:25  Extractor  
  18  1:31  Drone  
  19  1:43  Drone  
  20  1:53  Drone  
  21  2:02  Zergling x2  
  21  2:06  Queen  
  21  2:07  Overlord  
  24  2:14  Drone  
  25  2:16  Queen  
  25  2:18  Zergling x2  
  28  2:26  Drone  
  27  2:35  Spine Crawler  
  27  2:37  Zergling x4  
  28  2:49  Zergling x2  
  28  2:50  Zergling x2  
  30  2:58  Zergling x4  
  32  3:00  Metabolic Boost  
  32  3:05  Baneling Nest  
  27  3:13  Spine Crawler  
  27  3:15  Spine Crawler, Zergling x6  
  28  3:26  Zergling x6  
  31  3:27  Zergling x2  
  31  3:31  Zergling x2  
  33  3:45  Zergling x6  
  36  4:02  Overlord x2  
  36  4:04  Overlord  
  21  4:22  Drone x5  
  26  4:27  Drone  
  26  4:30  Zergling x2  
  28  4:34  Zergling x2  
  29  4:43  Drone x2  
  29  4:44  Drone  
  32  4:47  Drone  
  33  5:03  Roach Warren  
  33  5:05  Evolution Chamber  
  31  5:11  Evolution Chamber  
  30  5:19  Drone x6  
  30  5:21  Drone  
  37  5:23  Drone  
  37  5:27  Extractor  
  37  5:28  Extractor  
  37  5:34  Lair  
  36  5:51  Drone  
  36  5:52  Drone x7  
  36  5:54  Drone  
  45  5:57  Extractor  
  45  6:04  Drone x3  
  47  6:25  Drone x3  
  50  6:26  Drone  
  50  6:28  Zerg Missile Weapons Level 1  
  50  6:29  Zerg Ground Armor Level 1  
  50  6:31  Glial Reconstitution  
  51  6:43  Roach  
  51  6:44  Roach x3  
  57  7:04  Roach  
  57  7:05  Overlord x4  
  59  7:23  Roach x6  
  70  7:44  Roach  
  70  7:45  Roach x5  
  70  7:47  Hatchery  
  81  7:55  Roach x2  
  85  8:01  Roach x3  
  85  8:05  Overlord x4  
  91  8:25  Roach x4  
  91  8:26  Roach  
  102  8:39  Roach  
  102  8:40  Roach x5  
  114  8:42  Hatchery  
  113  8:52  Roach x2  
  113  8:53  Zerg Missile Weapons Level 2  
  113  8:55  Zerg Ground Armor Level 2  
  98  9:27  Roach  
  98  9:28  Roach x9  
  118  9:36  Roach x2  
  110  9:56  Roach x4  
  110  9:58  Roach  
  116  10:15  Roach  
  116  10:16  Roach x5  
  116  10:19  Drone  
  129  10:28  Spire  
  128  10:36  Drone  
  128  10:37  Overlord x5  
  111  11:06  Roach x6  
  111  11:07  Roach x4  
  131  11:17  Roach  
  131  11:18  Roach x3  
  93  11:29  Roach  
  93  11:30  Roach x3  
  85  11:33  Roach  
  77  11:46  Roach x2  
  77  11:47  Roach x2  
  84  12:08  Mutalisk x6  
  96  12:26  Drone  
  96  12:27  Drone x5  
  72  13:02  Roach  
  72  13:03  Roach x10  
  77  13:19  Mutalisk  
  75  13:20  Mutalisk x6  
  75  13:23  Mutalisk  
  75  13:25  Roach x8  
  91  13:39  Ravager  
  91  13:40  Ravager x7  
  81  13:49  Mutalisk x3  
  83  14:04  Mutalisk x2  
  83  14:27  Mutalisk  
  83  14:28  Mutalisk x2  
  87  14:50  Mutalisk x2  
  81  15:04  Zergling x2  
  35  15:25  Zergling x2  
  35  15:26  Zergling x4  
Tags
 
Add a new tag
Caveats
  • Supply blocks, unpowered buildings, or Contaminate may cause inaccurate times.
  • Supply counts are checked every 10 seconds.